[ AOE2 MATCH · #495725308 ]
UnrankedPortuguese vs Dravidians
Player's team · LOSS
[ REPLAY ANALYSIS · EXTRACTED FROM THE RECORDED GAME ]
Feudal
10:04
Castle
20:12
Imperial
—
| APM avg | 50.0 |
| APM peak | 84 |
| eAPM avg | 25.0 |
| Villagers / military | 110 / 64 |
Focus
⚔️ 33.2% · 🌾 66.8%
Archer ×37 · Fishing Ship ×21 · Mangonel ×14 · Skirmisher ×12 · Unknown (2626) ×11 · Spearman ×1
Feudal
10:31
Castle
19:07
Imperial
—
| APM avg | 64.1 |
| APM peak | 106 |
| eAPM avg | 29.2 |
| Villagers / military | 116 / 68 |
Focus
⚔️ 43.0% · 🌾 57.0%
Archer ×59 · Fishing Ship ×12 · Unknown (2626) ×12 · Mangonel ×7 · Monk ×1 · Skirmisher ×1
Match map
Initial resources + every placement click. Lines = walls · curves = elevation contours. ◆ gold · ⬟ stone · ● berries · ✦ relic · ◌ wall gap
Your base· Open — opponent sealed themselves in
Papillon's base· ✓ Closed at 19:07 · 41t walls · no gate
Smoothed initial terrain · ◌ = detected wall gap · hover for details
Inputs per minute
— SneakySalmon - - Papillon
Build order — SneakySalmon
First 150 of 279 actions detected
| 0:01 | Create | Villager (Male) |
| 0:01 | Create | Villager (Male) |
| 0:01 | Create | Villager (Male) |
| 0:02 | Create | Villager (Male) |
| 0:03 | Build | House |
| 0:05 | Build | House |
| 1:03 | Build | Lumber Camp |
| 1:39 | Create | Villager (Male) |
| 1:39 | Create | Villager (Male) |
| 2:04 | Create | Villager (Male) |
| 2:31 | Create | Villager (Male) |
| 2:51 | Create | Villager (Male) |
| 3:00 | Build | House |
| 3:23 | Create | Villager (Male) |
| 3:28 | Build | Dock |
| 3:30 | Build | Palisade Wall |
| 3:43 | Build | Palisade Wall |
| 3:44 | Build | Palisade Wall |
| 3:54 | Create | Villager (Male) |
| 4:21 | Research | Loom |
| 4:22 | Create | Fishing Ship |
| 4:41 | Create | Villager (Male) |
| 4:41 | Create | Villager (Male) |
| 4:44 | Create | Fishing Ship |
| 5:00 | Build | House |
| 5:03 | Create | Villager (Male) |
| 5:03 | Create | Villager (Male) |
| 5:18 | Build | Palisade Wall |
| 5:30 | Create | Villager (Male) |
| 5:34 | Create | Fishing Ship |
| 5:54 | Create | Villager (Male) |
| 5:56 | Create | Villager (Male) |
| 5:57 | Create | Villager (Male) |
| 6:23 | Create | Fishing Ship |
| 6:31 | Build | House |
| 6:46 | Create | Villager (Male) |
| 7:14 | Create | Villager (Male) |
| 7:20 | Create | Fishing Ship |
| 7:28 | Build | Palisade Wall |
| 7:32 | Build | Palisade Wall |
| 7:54 | Research | Feudal Age |
| 8:22 | Create | Fishing Ship |
| 8:23 | Create | Villager (Male) |
| 8:43 | Build | Barracks |
| 8:58 | Create | Fishing Ship |
| 9:08 | Build | House |
| 9:16 | Build | Mining Camp |
| 9:48 | Build | Palisade Wall |
| 9:49 | Build | Palisade Wall |
| 9:50 | Build | Palisade Wall |
| 9:51 | Build | Palisade Wall |
| 9:52 | Build | Palisade Wall |
| 10:04 | Age | Feudal Age |
| 10:07 | Create | Villager (Male) |
| 10:08 | Build | Archery Range |
| 10:09 | Research | Double-Bit Axe |
| 10:32 | Create | Villager (Male) |
| 10:35 | Create | Fishing Ship |
| 10:38 | Create | Villager (Male) |
| 10:47 | Create | Archer |
| 10:47 | Create | Archer |
| 10:57 | Create | Unit 2626 |
| 11:08 | Create | Spearman |
| 11:12 | Build | House |
| 11:13 | Create | Villager (Male) |
| 11:35 | Create | Unit 2626 |
| 11:46 | Build | Dock |
| 11:56 | Create | Archer |
| 12:04 | Create | Villager (Male) |
| 12:17 | Build | House |
| 12:20 | Build | Palisade Wall |
| 12:21 | Create | Villager (Male) |
| 12:29 | Create | Unit 2626 |
| 12:36 | Create | Villager (Male) |
| 12:51 | Build | House |
| 12:51 | Create | Archer |
| 12:59 | Create | Archer |
| 13:01 | Create | Villager (Male) |
| 13:10 | Create | Fishing Ship |
| 13:19 | Create | Archer |
| 13:23 | Create | Villager (Male) |
| 13:28 | Create | Unit 2626 |
| 13:38 | Create | Archer |
| 13:53 | Build | Blacksmith |
| 14:15 | Research | Tech 906 |
| 14:16 | Create | Villager (Male) |
| 14:27 | Create | Fishing Ship |
| 14:29 | Create | Villager (Male) |
| 14:31 | Create | Archer |
| 14:47 | Research | Fletching |
| 14:50 | Build | Mill |
| 14:56 | Build | Lumber Camp |
| 15:21 | Create | Archer |
| 15:53 | Build | House |
| 16:09 | Build | House |
| 16:11 | Create | Fishing Ship |
| 16:14 | Create | Fishing Ship |
| 16:25 | Build | Lumber Camp |
| 16:47 | Build | House |
| 16:49 | Build | Palisade Wall |
| 16:57 | Create | Fishing Ship |
| 16:59 | Create | Villager (Male) |
| 17:23 | Create | Archer |
| 17:32 | Research | Castle Age |
| 17:32 | Research | Castle Age |
| 17:35 | Create | Fishing Ship |
| 17:56 | Build | Archery Range |
| 17:58 | Create | Villager (Male) |
| 18:13 | Build | House |
| 18:18 | Research | Gold Mining |
| 18:19 | Create | Archer |
| 18:35 | Create | Fishing Ship |
| 18:43 | Create | Unit 2626 |
| 18:46 | Research | Padded Archer Armor |
| 18:47 | Create | Archer |
| 18:47 | Create | Archer |
| 18:51 | Build | House |
| 18:53 | Build | House |
| 19:14 | Create | Unit 2626 |
| 19:18 | Create | Villager (Male) |
| 19:19 | Create | Archer |
| 19:19 | Create | Archer |
| 19:56 | Create | Villager (Male) |
| 20:04 | Create | Archer |
| 20:12 | Age | Castle Age |
| 20:14 | Build | House |
| 20:15 | Research | Bodkin Arrow |
| 20:22 | Research | Crossbowman (upgrade) |
| 20:29 | Build | Town Center |
| 20:37 | Create | Unit 2626 |
| 20:53 | Research | Bow Saw |
| 20:54 | Create | Villager (Male) |
| 21:02 | Build | Town Center |
| 21:17 | Create | Villager (Male) |
| 22:12 | Create | Villager (Male) |
| 22:12 | Create | Villager (Male) |
| 22:13 | Create | Archer |
| 22:13 | Create | Archer |
| 22:25 | Create | Archer |
| 22:26 | Create | Archer |
| 22:45 | Create | Villager (Male) |
| 22:47 | Create | Villager (Male) |
| 22:47 | Create | Villager (Male) |
| 22:47 | Create | Villager (Male) |
| 22:48 | Create | Villager (Male) |
| 22:48 | Create | Villager (Male) |
| 22:48 | Create | Villager (Male) |
| 22:57 | Create | Villager (Male) |
| 23:07 | Create | Archer |
| 23:08 | Create | Archer |
Build order — Papillon
First 150 of 339 actions detected
| 0:01 | Create | Villager (Male) |
| 0:02 | Build | House |
| 0:02 | Build | House |
| 0:05 | Create | Villager (Male) |
| 0:10 | Create | Villager (Male) |
| 0:13 | Create | Villager (Male) |
| 0:14 | Create | Villager (Male) |
| 1:26 | Create | Villager (Male) |
| 1:26 | Create | Villager (Male) |
| 1:55 | Build | Lumber Camp |
| 2:02 | Create | Villager (Male) |
| 2:02 | Create | Villager (Male) |
| 2:02 | Create | Villager (Male) |
| 2:17 | Create | Villager (Male) |
| 2:18 | Create | Villager (Male) |
| 2:50 | Create | Villager (Male) |
| 2:50 | Create | Villager (Male) |
| 3:15 | Create | Villager (Male) |
| 3:15 | Create | Villager (Male) |
| 3:40 | Create | Villager (Male) |
| 3:43 | Build | House |
| 4:00 | Create | Villager (Male) |
| 4:01 | Create | Villager (Male) |
| 4:23 | Create | Villager (Male) |
| 4:23 | Create | Villager (Male) |
| 4:31 | Build | Dock |
| 4:42 | Create | Villager (Male) |
| 4:43 | Create | Villager (Male) |
| 5:08 | Build | Palisade Wall |
| 5:09 | Build | Palisade Wall |
| 5:15 | Create | Fishing Ship |
| 5:20 | Create | Villager (Male) |
| 5:43 | Create | Villager (Male) |
| 5:43 | Create | Villager (Male) |
| 5:58 | Create | Fishing Ship |
| 5:59 | Create | Fishing Ship |
| 5:59 | Create | Fishing Ship |
| 6:23 | Create | Villager (Male) |
| 6:31 | Create | Fishing Ship |
| 6:46 | Build | House |
| 7:04 | Create | Villager (Male) |
| 7:09 | Create | Villager (Male) |
| 7:14 | Build | House |
| 7:17 | Create | Villager (Male) |
| 7:33 | Create | Villager (Male) |
| 7:36 | Build | House |
| 8:00 | Research | Loom |
| 8:18 | Research | Feudal Age |
| 8:19 | Research | Feudal Age |
| 8:22 | Build | Palisade Wall |
| 8:23 | Build | Palisade Wall |
| 8:24 | Build | Palisade Wall |
| 8:29 | Build | Palisade Wall |
| 8:29 | Build | Palisade Wall |
| 8:38 | Research | Loom |
| 8:43 | Create | Fishing Ship |
| 8:53 | Build | Mining Camp |
| 9:25 | Build | Barracks |
| 9:37 | Create | Villager (Male) |
| 9:51 | Build | Palisade Wall |
| 9:52 | Build | Palisade Wall |
| 9:52 | Build | Palisade Wall |
| 10:05 | Build | Palisade Wall |
| 10:06 | Build | Palisade Wall |
| 10:06 | Build | Palisade Wall |
| 10:07 | Build | Palisade Wall |
| 10:07 | Build | Palisade Wall |
| 10:16 | Create | Villager (Male) |
| 10:31 | Age | Feudal Age |
| 10:37 | Build | Archery Range |
| 10:43 | Build | Blacksmith |
| 10:44 | Build | Palisade Wall |
| 10:49 | Build | Dock |
| 10:53 | Create | Villager (Male) |
| 11:02 | Build | Palisade Wall |
| 11:04 | Build | Palisade Wall |
| 11:31 | Create | Unit 2626 |
| 11:31 | Create | Unit 2626 |
| 11:34 | Create | Fishing Ship |
| 11:53 | Create | Archer |
| 12:00 | Research | Fletching |
| 12:02 | Create | Villager (Male) |
| 12:05 | Create | Fishing Ship |
| 12:19 | Build | Palisade Wall |
| 12:20 | Build | Palisade Wall |
| 12:21 | Build | Palisade Wall |
| 12:29 | Create | Unit 2626 |
| 12:29 | Create | Unit 2626 |
| 12:35 | Create | Villager (Male) |
| 12:39 | Create | Villager (Male) |
| 12:46 | Create | Archer |
| 12:46 | Create | Archer |
| 13:06 | Create | Villager (Male) |
| 13:18 | Create | Villager (Male) |
| 13:19 | Create | Fishing Ship |
| 13:27 | Build | Palisade Wall |
| 13:33 | Build | Mill |
| 13:34 | Create | Archer |
| 13:42 | Create | Villager (Male) |
| 13:47 | Create | Unit 2626 |
| 13:57 | Create | Fishing Ship |
| 13:59 | Create | Unit 2626 |
| 14:06 | Create | Villager (Male) |
| 14:07 | Build | House |
| 14:08 | Build | House |
| 14:08 | Build | House |
| 14:14 | Research | Wheelbarrow |
| 14:40 | Create | Villager (Male) |
| 14:56 | Create | Archer |
| 14:56 | Create | Archer |
| 15:03 | Build | House |
| 15:07 | Create | Fishing Ship |
| 15:15 | Create | Villager (Male) |
| 15:58 | Build | Market |
| 16:27 | Research | Castle Age |
| 16:30 | Create | Villager (Male) |
| 16:33 | Build | Archery Range |
| 16:43 | Build | House |
| 16:52 | Create | Skirmisher |
| 17:20 | Research | Gold Mining |
| 17:22 | Create | Archer |
| 17:22 | Create | Archer |
| 17:29 | Build | Dock |
| 17:35 | Build | House |
| 17:42 | Build | House |
| 17:43 | Build | House |
| 17:44 | Build | Palisade Wall |
| 17:51 | Research | Padded Archer Armor |
| 17:55 | Build | House |
| 17:59 | Create | Archer |
| 18:00 | Create | Archer |
| 18:13 | Create | Unit 2626 |
| 18:13 | Create | Unit 2626 |
| 18:16 | Build | House |
| 18:30 | Create | Fishing Ship |
| 18:47 | Build | Palisade Wall |
| 18:48 | Build | Palisade Wall |
| 18:49 | Build | Palisade Wall |
| 18:56 | Create | Villager (Male) |
| 19:07 | Age | Castle Age |
| 19:10 | Research | Crossbowman (upgrade) |
| 19:21 | Research | Bodkin Arrow |
| 19:21 | Research | Bodkin Arrow |
| 19:37 | Research | War Galley (upgrade) |
| 19:40 | Create | Villager (Male) |
| 19:40 | Create | Villager (Male) |
| 19:45 | Build | University |
| 19:54 | Build | Palisade Wall |
| 19:58 | Research | Double-Bit Axe |
| 20:09 | Research | Tech 905 |
Match timeline
| 3:28 | SneakySalmon · first_building Dock |
| 3:30 | SneakySalmon · wall_segment Palisade Wall x1 |
| 3:43 | SneakySalmon · wall_segment Palisade Wall x1 |
| 3:44 | SneakySalmon · wall_segment Palisade Wall x1 |
| 4:31 | Papillon · first_building Dock |
| 5:08 | Papillon · wall_segment Palisade Wall x1 |
| 5:09 | Papillon · wall_segment Palisade Wall x1 |
| 5:18 | SneakySalmon · wall_segment Palisade Wall x1 |
| 7:28 | SneakySalmon · wall_segment Palisade Wall x1 |
| 7:32 | SneakySalmon · wall_segment Palisade Wall x4 |
| 8:22 | Papillon · wall_segment Palisade Wall x1 |
| 8:23 | Papillon · wall_segment Palisade Wall x1 |
| 8:24 | Papillon · wall_segment Palisade Wall x1 |
| 8:29 | Papillon · wall_segment Palisade Wall x1 |
| 8:29 | Papillon · wall_segment Palisade Wall x1 |
| 8:43 | SneakySalmon · first_building Barracks |
| 9:25 | Papillon · first_building Barracks |
| 9:48 | SneakySalmon · wall_segment Palisade Wall x1 |
| 9:49 | SneakySalmon · wall_segment Palisade Wall x1 |
| 9:50 | SneakySalmon · wall_segment Palisade Wall x1 |
| 9:51 | SneakySalmon · wall_segment Palisade Wall x1 |
| 9:51 | Papillon · wall_segment Palisade Wall x1 |
| 9:52 | SneakySalmon · wall_segment Palisade Wall x1 |
| 9:52 | Papillon · wall_segment Palisade Wall x1 |
| 9:52 | Papillon · wall_segment Palisade Wall x1 |
| 10:04 | SneakySalmon · age_up feudal |
| 10:05 | Papillon · wall_segment Palisade Wall x1 |
| 10:06 | Papillon · wall_segment Palisade Wall x1 |
| 10:06 | Papillon · wall_segment Palisade Wall x1 |
| 10:07 | Papillon · wall_segment Palisade Wall x1 |
| 10:07 | Papillon · wall_segment Palisade Wall x1 |
| 10:08 | SneakySalmon · first_building Archery Range |
| 10:31 | Papillon · age_up feudal |
| 10:37 | Papillon · first_building Archery Range |
| 10:44 | Papillon · wall_segment Palisade Wall x1 |
| 11:02 | Papillon · wall_segment Palisade Wall x4 |
| 11:04 | Papillon · wall_segment Palisade Wall x15 |
| 12:19 | Papillon · wall_segment Palisade Wall x1 |
| 12:20 | SneakySalmon · wall_segment Palisade Wall x7 |
| 12:20 | Papillon · wall_segment Palisade Wall x1 |
| 12:21 | Papillon · wall_segment Palisade Wall x1 |
| 13:27 | Papillon · wall_segment Palisade Wall x1 |
| 16:49 | SneakySalmon · wall_segment Palisade Wall x8 |
| 17:44 | Papillon · wall_segment Palisade Wall x1 |
| 18:47 | Papillon · wall_segment Palisade Wall x1 |
| 18:48 | Papillon · wall_segment Palisade Wall x1 |
| 18:49 | Papillon · wall_segment Palisade Wall x1 |
| 19:07 | Papillon · age_up castle |
| 19:54 | Papillon · wall_segment Palisade Wall x1 |
| 20:12 | SneakySalmon · age_up castle |
| 20:55 | Papillon · first_market_buy 100 wood |
| 20:56 | Papillon · first_market_sell 100 food |
| 26:24 | Papillon · first_building Siege Workshop |
| 26:56 | SneakySalmon · first_building Siege Workshop |
| 29:08 | Papillon · first_building Monastery |
| 29:33 | SneakySalmon · first_market_buy 100 food |
| 32:04 | Papillon · first_building Castle |
| 34:05 | SneakySalmon · resign |
[ AI ANALYSIS · 1 CREDIT ]
What really happened in this match?
Wolo.gg analyzes every decision: build order, eco, micro, common mistakes by bracket. Personalized analysis on WhatsApp or Discord in 30 seconds.
Civ guide
Portuguese
Perfil
SneakySalmon